cohdb
Replays
Latest Replays
All Replays
Popular Replays
Top Player Replays
Match Explorer
How It Works
Community
CoH3 Stats
Reddit
Sign in to upload your games and track your stats! →
Sign in with Steam
Match 46648420
Unlisted
Match 46648420
Overview
Messages
Build Orders
End
Construct Infanterie Kompanie
Grenadier Squad
Grenadier Squad
MG 42 Machine Gun Team
Construct Panzergrenadier Kompanie
251 Medium Carrier
Pak 40 Anti-tank Gun Team
Panzergrenadier Squad
Panzergrenadier Officer Quarters
Selects Mechanized Battlegroup
Selects Mobile Repair Stations
Ra11
Cohpe?
Harry Cohper
Made in Germany
Billy Mitchell
Воин вацапа
0
0
Comments
sign in to comment!
No comments posted yet!